 Dungeon Crawl Stone Soup version 0.21.1-1-g345015fe64 (webtiles) character file.

8841 Naru the Markscentaur (level 11, -3/97 HPs)
             Began as a Centaur Hunter on June 16, 2018.
             Was a High Priest of Okawaru.
             Slain by Snorg (10 damage)
             ... on level 10 of the Dungeon.
             The game lasted 00:30:19 (11049 turns).

Naru the Markscentaur (Centaur Hunter)             Turns: 11049, Time: 00:30:20

Health: -3/97      AC: 10    Str: 13    XL:     11   Next: 15%
Magic:  13/13      EV: 11    Int: 10    God:    Okawaru [*****.]
Gold:   519        SH:  0    Dex: 13    Spells: 10/10 levels left

rFire    + . .     SeeInvis .   C - +6 shortbow (flame)
rCold    . . .     Gourm    +   (shield currently unavailable)
rNeg     + . .     Faith    .   i - +0 robe {rF+}
rPois    .         Spirit   .   w - +0 helmet
rElec    .         Reflect  .   K - +0 cloak
rCorr    .         Harm     .   v - +0 pair of gloves
MR       +....     Rnd*Tele +   (no barding)
Stlth    +.........             D - amulet of the gourmand
HPRegen  0.26/turn              J - ring "Firih" {*Tele +Blink rN+ MR+ Str-2}
MPRegen  0.13/turn              m - +3 ring of protection

@: very slightly contaminated, heavily drained, invisible, very quick
A: large, hooves 3, deformed body, speed 2, tough skin 3
a: Heroism, Finesse, Renounce Religion, Evoke Blink


You were on level 10 of the Dungeon.
You worshipped Okawaru.
Okawaru was extremely pleased with you.
You were not hungry.

You visited 1 branch of the dungeon, and saw 10 of its levels.

You collected 573 gold pieces.
You spent 54 gold pieces at shops.

Inventory:

Hand Weapons
 b - a +1 short sword of venom
 C - a +6 shortbow of flaming (weapon)
 I - a +0 hand crossbow
Missiles
 a - a throwing net
 d - 119 arrows (quivered)
 o - 78 poisoned needles
 y - 70 bolts
Armour
 i - a +0 robe of fire resistance (worn)
 v - a +0 pair of gloves (worn)
 w - a +0 helmet (worn)
 K - a +0 cloak (worn)
Jewellery
 m - a +3 ring of protection (right hand)
 r - an uncursed ring of see invisible
 D - an amulet of the gourmand (around neck)
 J - the ring "Firih" (left hand) {*Tele +Blink rN+ MR+ Str-2}
   (You took it off a gnoll on level 9 of the Dungeon)

   [ring of teleportation]

   It may teleport you next to monsters.
   It affects your strength (-2).
   It protects you from negative energy.
   It affects your resistance to hostile enchantments.
   It lets you blink.
Wands
 n - a wand of random effects (59)
 x - a wand of iceblast (7)
 A - a wand of flame (53)
Scrolls
 c - 2 scrolls of identify
 g - 5 scrolls of magic mapping
 u - 2 scrolls of teleportation
 B - a scroll of blinking
 E - a scroll of fear
 H - 2 scrolls of remove curse
Potions
 e - 2 potions of heal wounds {unknown}
 h - a potion of might
 j - a potion of haste {unknown}
 k - 3 potions of curing
 p - a potion of invisibility
 q - 4 potions of flight {unknown}
 s - 5 potions of lignification
 t - 4 potions of mutation {unknown}
 F - a potion of magic {unknown}
 G - a potion of agility {unknown}
Books
 z - Como's Disquisition on Earthen Illusion
   (You found it on level 7 of the Dungeon)

   Spells                             Type                      Level
   a - Sandblast                      Earth                        1
   b - Summon Butterflies             Summoning                    1
   c - Passwall                       Transmutation/Earth          2
   d - Recall                         Summoning/Translocation      3
   e - Iron Shot                      Conjuration/Earth            6
   f - Statue Form                    Transmutation/Earth          6
Comestibles
 f - 21 rations


   Skills:
 * Level 9.4(7.8) Fighting
 * Level 16.0(14.1) Bows
 + Level 2.2(0.9) Armour
 * Level 4.4(3.0) Dodging
 - Level 0.4(0.0) Stealth
 * Level 3.9(2.5) Evocations


You had 10 spell levels left.
You didn't know any spells.

Dungeon Overview and Level Annotations

Branches:
Dungeon (10/15)            Temple (0/1) D:5            Lair (0/6) D:9
    Orc (0/2) D:9

Altars:
Okawaru

Shops:
D:9 [

Annotations:
D:10 Snorg


Innate Abilities, Weirdness & Mutations

You have hooves in place of feet.
Armour fits poorly on your strangely shaped body.
You cover ground very quickly.
You have extremely tough skin. (AC +3)


Message History

You are too injured to fight recklessly!
You are too injured to fight recklessly!
You are too injured to fight recklessly!
You are too injured to fight recklessly!
You are too injured to fight recklessly!
Snorg barely misses you. Snorg claws you. Snorg closely misses you.
Okay, then.
Okay, then.
You fade into invisibility!
Snorg bites you!!
* * * LOW HITPOINT WARNING * * *
Snorg claws you!
* * * LOW HITPOINT WARNING * * *
Snorg claws you.
* * * LOW HITPOINT WARNING * * *
Snorg misses you. Snorg claws you but does no damage. Snorg closely misses you.
You are very lightly contaminated with residual magic.
Snorg rages.
Snorg bites you!
You die...

#.## ##.# #..# #..# #.#
#)## #######'##
###.##### #.......(#
#.......#
#.......(######.......#
#.......('(((##.......#
#(.....K.###.((.......#
#...(....# ####@.(....#
#........# #.T.....#
+........# #########
#........# ##########


You could see Snorg (berserk).

Vanquished Creatures
  Gastronok (D:8)
  A two-headed ogre (D:7)
  Sonja (D:10)
  Pikel (D:6)
  A merfolk (D:9)
  Prince Ribbit (D:7)
  A hippogriff (D:6)
  Sigmund (D:6)
  5 yaks (D:9)
  Menkaure (D:6)
  3 wargs (D:9)
  The ghost of Brodemort the Twirler, an amateur GrGl (D:3)
  A water moccasin (D:6)
  5 orc warriors
  A sky beast (D:5)
  An ice beast (D:7)
  2 slaves (D:6)
  2 ogres
  4 centaurs
  A big kobold (D:8)
  2 bullfrogs
  A wyvern skeleton (D:6)
  3 scorpions
  6 killer bees (D:10)
  5 wights (D:9)
  A howler monkey (D:9)
  An electric eel (D:7)
  4 crimson imps
  2 bullfrog zombies
  7 orc priests
  2 jellies
  A bullfrog skeleton (D:4)
  6 hounds
  8 orc wizards
  2 iguanas (D:4)
  4 worker ants
  Natasha (thrice) (D:3 D:4)
  A hound skeleton (D:4)
  A howler monkey zombie (D:5)
  9 adders
  5 gnolls
  A howler monkey skeleton (D:5)
  A shadow imp (D:9)
  2 worms
  4 dart slugs
  4 leopard geckos
  33 orcs
  9 giant cockroaches
  7 hobgoblins
  3 jackals (D:6)
  2 quokkas
  7 bats
  5 frilled lizards
  6 goblins
  10 kobolds
  3 leopard gecko skeletons
  A quokka skeleton (D:5)
  A quokka zombie (D:5)
  6 rats
214 creatures vanquished.

Vanquished Creatures (others)
  A slave (D:7)
  A worker ant (D:7)
2 creatures vanquished.

Grand Total: 216 creatures vanquished

Notes
Turn   | Place    | Note
-------+----------+-------------------------------------------
     0 | D:1      | Naru the Centaur Hunter began the quest for the Orb.
     0 | D:1      | Reached XP level 1. HP: 17/17 MP: 1/1
   100 | D:1      | Reached XP level 2. HP: 24/24 MP: 2/2
   134 | D:1      | Reached skill level 6 in Bows
   399 | D:1      | Reached XP level 3. HP: 29/29 MP: 3/3
   724 | D:2      | Found an iron altar of Okawaru.
   889 | D:2      | Became a worshipper of Warmaster Okawaru
  1346 | D:3      | Noticed Natasha
  1373 | D:3      | Killed Natasha
  1373 | D:3      | Reached skill level 7 in Bows
  1373 | D:3      | Reached XP level 4. HP: 29/37 MP: 4/4
  1521 | D:3      | Found a faded altar of an unknown god.
  1528 | D:3      | Noticed Natasha
  1533 | D:3      | Killed Natasha
  1552 | D:3      | Noticed Brodemort's ghost (amateur GrGl)
  1842 | D:3      | Killed Brodemort's ghost
  1842 | D:3      | Reached skill level 8 in Bows
  1842 | D:3      | Reached XP level 5. HP: 28/45 MP: 5/5
  2119 | D:3      | Reached * piety under Okawaru
  2119 | D:3      | Reached XP level 6. HP: 42/51 MP: 6/6
  2750 | D:4      | Reached skill level 9 in Bows
  3397 | D:5      | Entered Level 5 of the Dungeon
  3416 | D:5      | Noticed Natasha
  3431 | D:4      | Reached XP level 7. HP: 50/58 MP: 7/7
  3473 | D:4      | Killed Natasha
  3584 | D:5      | Found a staircase to the Ecumenical Temple.
  3599 | D:5      | Reached skill level 10 in Bows
  3599 | D:5      | Reached skill level 1 in Armour
  3903 | D:5      | Reached ** piety under Okawaru
  4235 | D:5      | Reached skill level 11 in Bows
  4235 | D:5      | Reached XP level 8. HP: 60/67 MP: 8/8
  4833 | D:6      | Noticed Sigmund
  4853 | D:6      | Killed Sigmund
  5162 | D:6      | Reached skill level 5 in Fighting
  5184 | D:6      | Reached skill level 12 in Bows
  5682 | D:6      | Reached *** piety under Okawaru
  5689 | D:6      | Noticed Menkaure
  5716 | D:6      | Killed Menkaure
  5730 | D:6      | Reached XP level 9. HP: 28/74 MP: 9/9
  6439 | D:7      | Noticed Pikel
  6497 | D:6      | Reached skill level 13 in Bows
  6497 | D:6      | Reached skill level 1 in Evocations
  6783 | D:6      | Killed Pikel
  7054 | D:7      | Identified Como's Disquisition on Earthen Illusion
  7326 | D:7      | Reached **** piety under Okawaru
  7326 | D:7      | Received a gift from Okawaru
  7477 | D:7      | Reached skill level 14 in Bows
  7518 | D:7      | Noticed Prince Ribbit
  7534 | D:7      | Killed Prince Ribbit
  7852 | D:8      | Noticed a two-headed ogre
  7967 | D:7      | Killed a two-headed ogre
  7967 | D:7      | Reached XP level 10. HP: 62/86 MP: 11/11
  8171 | D:8      | Noticed Gastronok
  8223 | D:7      | Received a gift from Okawaru
  8338 | D:8      | Killed Gastronok
  8338 | D:8      | Received a gift from Okawaru
  8338 | D:8      | Reached ***** piety under Okawaru
  8338 | D:8      | Reached skill level 15 in Bows
  8990 | D:9      | Received a gift from Okawaru
  9057 | D:9      | Found Cimosuin's Armour Shoppe.
  9064 | D:9      | Bought a +0 cloak for 54 gold pieces
  9231 | D:9      | Received a gift from Okawaru
  9243 | D:9      | Got a crude lead ring
  9255 | D:9      | Identified the ring "Firih" {*Tele +Blink rN+ MR+ Str-2} (You took it off a gnoll on level 9 of the Dungeon)
  9577 | D:9      | Found a staircase to the Lair.
  9932 | D:9      | Reached XP level 11. HP: 96/97 MP: 13/13
 10013 | D:9      | Found a staircase to the Orcish Mines.
 10422 | D:10     | Entered Level 10 of the Dungeon
 10619 | D:10     | Noticed Sonja
 10666 | D:10     | Killed Sonja
 10666 | D:10     | Reached skill level 16 in Bows
 11013 | D:10     | Noticed Snorg
 11049 | D:10     | Slain by Snorg

Skill      XL: |  1  2  3  4  5  6  7  8  9 10 11 |
---------------+----------------------------------+-----
Bows           | 6 7 8 9 11 12 14 15 16 | 16.0
Fighting       | 3 4 5 7 9 |  9.4
Dodging        | 2 3 4 |  4.4
Armour         | 1 2 |  2.2
Evocations     | 2 3 |  3.9
Stealth        | |  0.4

Action                   |  1- 3 |  4- 6 |  7- 9 | 10-12 || total
-------------------------+-------+-------+-------+-------++-------
Melee: Short sword       |       |     7 |       |       ||     7
       Kick              |       |     2 |       |       ||     2
 Fire: Shortbow          |   137 |   140 |   430 |   276 ||   983
  Use: Scroll            |       |     4 |     6 |     2 ||    12
       Potion            |       |       |     1 |     4 ||     5
  Eat: Chunk             |       |     2 |     1 |     6 ||     9
       Ration            |       |     1 |     3 |     1 ||     5
Armor: Leather armour    |    26 |    16 |    50 |    10 ||   102
       Robe              |       |       |       |    19 ||    19
Dodge: Dodged            |    27 |    35 |    69 |    74 ||   205
